[Event "Polgar Challenge 2021"]
[Site "Online"]
[Date "2021.04.04"]
[Round "14.4"]
[White "Badelka, Olga"]
[Black "Abdumalik, Zhansaya"]
[Result "1-0"]
[ECO "E60"]
[WhiteElo "2433"]
[BlackElo "2472"]
[Annotator "ChessBase"]
[PlyCount "133"]
[EventDate "2021.04.08"]
[EventType "tourn"]
[EventCountry "NET"]
[SourceTitle "playchess.com"]
[Source "ChessBase"]
[SourceQuality "1"]
[TimeControl "600+5"]

1. d4 Nf6 2. Nf3 g6 3. g3 Bg7 4. c4 c5 5. Nc3 cxd4 6. Nxd4 O-O 7. Bg2 Qc7 8. Qd3 Nc6 9. O-O Ne5 10. Qe3 d6 11. b3 Qb6 12. Na4 Qc7 13. Bb2 Bd7 14. Nc3 a6 15. h3 Rfe8 16. Rac1 Qb6 17. Nd5 Qd8 18. Nxf6+ Bxf6 19. f4 Nc6 20. Nxc6 Bxc6 21. Bxf6 exf6 22. Qf2 Qa5 23. Rc2 Rac8 24. Rd1 Re6 25. Rcd2 Rce8 26. Bf1 Qb4 27. f5 Re5 28. fxg6 hxg6 29. Rxd6 Rf5 30. Qd4 Re4 31. Rd8+ Kg7 32. Qd6 Qb6+ 33. Rd4 Kh7 34. Qf8 Qxd4+ 35. Rxd4 Rxd4 36. Qxf7+ Kh6 37. Qf8+ Kg5 38. Qh8 Re5 39. Kf2 Kf5 40. g4+ Ke6 41. Qg8+ Ke7 42. Qg7+ Ke6 43. Qg8+ Ke7 44. Qxg6 Rf4+ 45. Ke1 Rd4 46. h4 Be8 47. Qg7+ Bf7 48. g5 Ke8 49. Qxf6 Rde4 50. g6 Bg8 51. Qh8 Kf8 52. Qf6+ Ke8 53. g7 Kd7 54. Qf8 Re8 55. Qf5+ Kc7 56. h5 R4e6 57. Qf4+ Kb6 58. h6 Bh7 59. Qd4+ Kc7 60. Qf4+ Kb6 61. Qd4+ Kc7 62. a4 Rd6 63. Qf4 Kc6 64. Bg2+ Kd7 65. Bd5 Rg6 66. Qf7+ Re7 67. Qxg6 1-0

[Event "Polgar Challenge 2021"]
[Site "Online"]
[Date "2021.04.04"]
[Round "14.5"]
[White "Lei, Tingjie"]
[Black "Mendonca, Leon Luke"]
[Result "0-1"]
[ECO "B90"]
[WhiteElo "2505"]
[BlackElo "2549"]
[Annotator "ChessBase"]
[PlyCount "124"]
[EventDate "2021.04.08"]
[EventType "tourn"]
[EventCountry "NET"]
[SourceTitle "playchess.com"]
[Source "ChessBase"]
[SourceQuality "1"]
[TimeControl "600+5"]

1. e4 c5 2. Nf3 d6 3. d4 cxd4 4. Nxd4 Nf6 5. Nc3 a6 6. a4 g6 7. Be2 Bg7 8. O-O O-O 9. Be3 Nc6 10. Qd2 Bd7 11. Rfd1 Rc8 12. f3 Nxd4 13. Bxd4 Be6 14. a5 Bc4 15. Ra4 Bxe2 16. Qxe2 Qd7 17. Rb4 Qc7 18. Bb6 Qc6 19. Rd2 Rfe8 20. Nd5 Nd7 21. Be3 e6 22. Nb6 Nxb6 23. Rxb6 Qa4 24. c3 d5 25. Rxb7 Qxa5 26. Bd4 Bxd4+ 27. Rxd4 Qc5 28. Qf2 dxe4 29. fxe4 Rc7 30. Rxc7 Qxc7 31. Qf6 Rb8 32. Rd2 Qb6+ 33. Qf2 Qc6 34. Qf4 Qb6+ 35. Qf2 Qc6 36. Qf4 Qc5+ 37. Qf2 Qe5 38. Qd4 Qxd4+ 39. cxd4 Kf8 40. Kf2 Ke7 41. Rc2 Kd6 42. Ke3 Rb3+ 43. Kf4 f5 44. exf5 gxf5 45. Rc8 Rxb2 46. Rd8+ Ke7 47. Rh8 Rxg2 48. Rxh7+ Kd6 49. h4 Rg4+ 50. Ke3 Rg3+ 51. Ke2 Kd5 52. Rd7+ Kc6 53. Ra7 Rh3 54. Re7 Kd5 55. Rd7+ Kc6 56. Ra7 Rxh4 57. Rxa6+ Kd5 58. Ra5+ Kc4 59. Ra6 Re4+ 60. Kf3 Kxd4 61. Ra4+ Ke5 62. Ra5+ Kf6 0-1

[Event "Polgar Challenge 2021"]
[Site "Online"]
[Date "2021.04.04"]
[Round "14.6"]
[White "Yip, Carissa"]
[Black "Keymer, Vincent"]
[Result "0-1"]
[ECO "B97"]
[WhiteElo "2430"]
[BlackElo "2591"]
[Annotator "ChessBase"]
[PlyCount "86"]
[EventDate "2021.04.08"]
[EventType "tourn"]
[EventCountry "NET"]
[SourceTitle "playchess.com"]
[Source "ChessBase"]
[SourceQuality "1"]
[TimeControl "600+5"]

1. e4 c5 2. Nf3 d6 3. d4 cxd4 4. Nxd4 Nf6 5. Nc3 a6 6. Bg5 e6 7. f4 Qb6 8. Qd2 Qxb2 9. Rb1 Qa3 10. f5 Be7 11. Be2 O-O 12. Be3 Qa5 13. g4 Qd8 14. g5 Nfd7 15. Rg1 Nc6 16. f6 Nxf6 17. gxf6 Bxf6 18. Nf3 b5 19. Bg5 Bb7 20. Nd1 Rc8 21. Nf2 Bxg5 22. Qxg5 Qxg5 23. Rxg5 Ba8 24. Kd2 f6 25. Rgg1 Rfd8 26. Rgd1 Rc7 27. Ke1 Kf7 28. c4 b4 29. Nd3 a5 30. c5 d5 31. exd5 Rxd5 32. Rbc1 Ne7 33. Rc4 Bb7 34. Rd4 e5 35. Rxd5 Nxd5 36. c6 Bxc6 37. Ndxe5+ fxe5 38. Bc4 Ke6 39. Kf2 Bb7 40. Bb3 a4 41. Bxa4 Rf7 42. Bb3 e4 43. Re1 Rxf3+ 0-1

[Event "Polgar Challenge 2021"]
[Site "Online"]
[Date "2021.04.04"]
[Round "14.8"]
[White "Salimova, Nurgyul"]
[Black "Bjerre, Jonas Buhl"]
[Result "1/2-1/2"]
[ECO "E11"]
[WhiteElo "2397"]
[BlackElo "2550"]
[Annotator "ChessBase"]
[PlyCount "148"]
[EventDate "2021.04.08"]
[EventType "tourn"]
[EventCountry "NET"]
[SourceTitle "playchess.com"]
[Source "ChessBase"]
[SourceQuality "1"]
[TimeControl "600+5"]

1. d4 Nf6 2. Nf3 d5 3. c4 e6 4. g3 Bb4+ 5. Bd2 Be7 6. Bg2 O-O 7. O-O c6 8. Bf4 dxc4 9. Ne5 Nd5 10. Nxc4 Nxf4 11. gxf4 Qc7 12. e3 Nd7 13. Nc3 b6 14. Rc1 Bb7 15. Qf3 Rab8 16. Qg3 f5 17. Ne5 Nxe5 18. dxe5 Rbd8 19. Nb5 Qd7 20. Nd4 c5 21. Nxe6 Qxe6 22. Bxb7 Rd2 23. Ba6 Kh8 24. Bc4 Qc6 25. Rfd1 Rxb2 26. Bd5 Qh6 27. Rb1 Rxb1 28. Rxb1 Rd8 29. Qg2 Qg6 30. Qxg6 hxg6 31. Bf7 Kh7 32. Kg2 Rd2 33. h4 Kh6 34. Rh1 b5 35. Rh3 c4 36. Rg3 c3 37. Rxg6+ Kh7 38. Rc6 c2 39. Bg6+ Kg8 40. Rc8+ Rd8 41. Rxc2 Bxh4 42. Bxf5 b4 43. Be6+ Kh8 44. Kf3 g6 45. Rc1 Kg7 46. Rc7+ Kh6 47. Rxa7 Rd2 48. Ra8 Rxf2+ 49. Kg4 Be7 50. Rh8+ Kg7 51. Rg8+ Kh6 52. Re8 Bc5 53. f5 gxf5+ 54. Bxf5 Bxe3 55. Be6 Bd4 56. Bb3 Re2 57. Kf5 Kg7 58. Rg8+ Kh7 59. Re8 Kg7 60. e6 Bc5 61. Rc8 Be7 62. Rc7 Kf8 63. Rb7 Re1 64. Kg6 Rg1+ 65. Kf5 Re1 66. Rb8+ Kg7 67. Re8 Bc5 68. Rc8 Be7 69. Rc2 Kf8 70. Rg2 Re3 71. Rh2 Kg7 72. Rg2+ Kf8 73. Kf4 Re1 74. Kf5 Re3 1/2-1/2

[Event "Polgar Challenge 2021"]
[Site "Online"]
[Date "2021.04.04"]
[Round "14.10"]
[White "Liang, Awonder"]
[Black "Yoo, Christopher Woojin"]
[Result "1-0"]
[ECO "B40"]
[WhiteElo "2592"]
[BlackElo "2455"]
[Annotator "ChessBase"]
[PlyCount "69"]
[EventDate "2021.04.08"]
[EventType "tourn"]
[EventCountry "NET"]
[SourceTitle "playchess.com"]
[Source "ChessBase"]
[SourceQuality "1"]
[TimeControl "600+5"]

1. e4 c5 2. Nf3 e6 3. Nc3 Nc6 4. d4 cxd4 5. Nxd4 Nf6 6. Nxc6 bxc6 7. Bd3 d5 8. O-O Be7 9. e5 Nd7 10. Re1 c5 11. Qg4 g6 12. Bh6 c4 13. Bf1 Bf8 14. Bxf8 Kxf8 15. b3 cxb3 16. axb3 Kg7 17. Nb5 a6 18. Qf4 Qe7 19. Nd6 a5 20. c4 dxc4 21. bxc4 a4 22. Ra3 Ra5 23. Qd4 Rd8 24. Qc3 Ra6 25. Qb4 Kg8 26. Rxa4 Rxa4 27. Qxa4 Nxe5 28. Nxc8 Qg5 29. Rxe5 Qc1 30. Ne7+ Kg7 31. c5 Rd1 32. Qb5 Qf4 33. Re3 Rd2 34. Rf3 Qg5 35. Qe8 1-0

[Event "Polgar Challenge 2021"]
[Site "Online"]
[Date "2021.04.04"]
[Round "15.2"]
[White "Shuvalova, Polina"]
[Black "Liang, Awonder"]
[Result "0-1"]
[ECO "E97"]
[WhiteElo "2476"]
[BlackElo "2592"]
[Annotator "ChessBase"]
[PlyCount "70"]
[EventDate "2021.04.08"]
[EventType "tourn"]
[EventCountry "NET"]
[SourceTitle "playchess.com"]
[Source "ChessBase"]
[SourceQuality "1"]
[TimeControl "600+5"]

1. d4 Nf6 2. c4 g6 3. Nc3 Bg7 4. e4 d6 5. Nf3 O-O 6. Be2 e5 7. O-O Nc6 8. d5 Ne7 9. Bg5 h6 10. Bd2 a5 11. Rc1 c5 12. dxc6 bxc6 13. c5 d5 14. exd5 Nfxd5 15. Bc4 f5 16. Qe2 e4 17. Ne1 Kh7 18. Nc2 Be6 19. f3 Nxc3 20. Bxc3 Bxc3 21. Bxe6 Qd2 22. Rce1 Qxe2 23. Rxe2 Bxb2 24. fxe4 f4 25. e5 g5 26. a4 Ng6 27. Rfe1 Rae8 28. Bd7 Rxe5 29. Bxc6 Rxc5 30. Be4 Kg7 31. Rd1 Ne5 32. h3 Rc4 33. Ne1 Bd4+ 34. Kh2 Be3 35. Rd5 Rxe4 0-1

[Event "Polgar Challenge 2021"]
[Site "Online"]
[Date "2021.04.04"]
[Round "15.4"]
[White "Gukesh D"]
[Black "Salimova, Nurgyul"]
[Result "1-0"]
[ECO "B12"]
[WhiteElo "2578"]
[BlackElo "2397"]
[Annotator "ChessBase"]
[PlyCount "133"]
[EventDate "2021.04.08"]
[EventType "tourn"]
[EventCountry "NET"]
[SourceTitle "playchess.com"]
[Source "ChessBase"]
[SourceQuality "1"]
[TimeControl "600+5"]

1. e4 c6 2. d4 d5 3. e5 Bf5 4. Nf3 e6 5. Be2 Ne7 6. c3 Nd7 7. O-O Ng6 8. Ne1 h5 9. Nc2 c5 10. Ne3 Bxb1 11. Rxb1 Qb6 12. Bxh5 O-O-O 13. Re1 cxd4 14. cxd4 Bb4 15. Rf1 Nf4 16. Bf3 Kb8 17. Nc2 Ng6 18. Nxb4 Qxb4 19. g3 Ne7 20. Qd3 Nf5 21. Rd1 f6 22. exf6 gxf6 23. Bf4+ Ka8 24. Bg4 Ng7 25. Rbc1 e5 26. Bd2 Qd6 27. Qb3 f5 28. dxe5 Nxe5 29. Be2 Ne6 30. Ba5 Nf4 31. Qe3 Nh3+ 32. Kf1 Rde8 33. Bc7 Qf6 34. Qd4 f4 35. Bxe5 Rxe5 36. Rc5 fxg3 37. hxg3 Ng5 38. Qh4 Rf8 39. Qf4 Qe7 40. Rdc1 b6 41. Qxf8+ Qxf8 42. Rc8+ Qxc8 43. Rxc8+ Kb7 44. Rc2 Ne6 45. Rd2 Kc6 46. f4 Re3 47. Kf2 d4 48. Bf3+ Kc5 49. a3 Rb3 50. Bd1 Re3 51. Bg4 Nc7 52. Be2 Ne6 53. b4+ Kd5 54. Rc2 Rxa3 55. Bc4+ Kd6 56. Rd2 Rc3 57. Bxe6 Kxe6 58. Rxd4 Kf5 59. Rd5+ Kg4 60. Rg5+ Kh3 61. b5 Rb3 62. Rg7 Rxb5 63. Rh7+ Kg4 64. Rh4+ Kf5 65. Rh5+ Kg4 66. Rxb5 a6 67. Rxb6 1-0

[Event "Polgar Challenge 2021"]
[Site "Online"]
[Date "2021.04.04"]
[Round "15.6"]
[White "Mendonca, Leon Luke"]
[Black "Yip, Carissa"]
[Result "1-0"]
[ECO "E61"]
[WhiteElo "2549"]
[BlackElo "2430"]
[Annotator "ChessBase"]
[PlyCount "95"]
[EventDate "2021.04.08"]
[EventType "tourn"]
[EventCountry "NET"]
[SourceTitle "playchess.com"]
[Source "ChessBase"]
[SourceQuality "1"]
[TimeControl "600+5"]

1. d4 Nf6 2. c4 g6 3. Nc3 Bg7 4. Nf3 O-O 5. e3 d6 6. Be2 b6 7. O-O Bb7 8. Qc2 Nbd7 9. b3 e5 10. Bb2 Qe7 11. Rfd1 Rad8 12. Rac1 h6 13. dxe5 Nxe5 14. Nd5 Bxd5 15. cxd5 Nxf3+ 16. Bxf3 Ne8 17. Bxg7 Kxg7 18. Rd4 f5 19. g3 Rc8 20. Be2 a5 21. Ba6 Ra8 22. Bb5 Rf7 23. Rc4 Ra7 24. Bxe8 Qxe8 25. Qc3+ Kg8 26. Kg2 Kh7 27. h4 Qe7 28. Qd4 Qe8 29. Qf4 Qe7 30. Qd4 Qe8 31. Kf1 Qe7 32. Qc3 Qe8 33. Ke2 Qb5 34. Qd3 Qe8 35. Kd2 Kg8 36. Qc3 Qb5 37. Qd3 a4 38. Rxa4 Ra5 39. Qxb5 Rxb5 40. Rd4 Re7 41. Rcc4 Kf7 42. b4 Re5 43. Rxc7+ Kf6 44. Rc6 Rexd5 45. Kc3 Rxd4 46. exd4 Ke6 47. a4 Rd5 48. Rxb6 1-0

[Event "Polgar Challenge 2021"]
[Site "Online"]
[Date "2021.04.04"]
[Round "15.7"]
[White "Abdumalik, Zhansaya"]
[Black "Lei, Tingjie"]
[Result "1/2-1/2"]
[ECO "C65"]
[WhiteElo "2472"]
[BlackElo "2505"]
[Annotator "ChessBase"]
[PlyCount "141"]
[EventDate "2021.04.08"]
[EventType "tourn"]
[EventCountry "NET"]
[SourceTitle "playchess.com"]
[Source "ChessBase"]
[SourceQuality "1"]
[TimeControl "600+5"]

1. e4 e5 2. Nf3 Nc6 3. Bb5 Nf6 4. d3 Bc5 5. Nbd2 O-O 6. Nb3 Bd6 7. O-O a6 8. Bxc6 dxc6 9. Na5 Re8 10. b3 c5 11. Bb2 Nd7 12. Nc4 Qe7 13. a4 f6 14. Nh4 Nf8 15. Nf5 Bxf5 16. exf5 b5 17. Nd2 Nd7 18. Qf3 Rab8 19. Rfe1 Qf7 20. h3 Nb6 21. axb5 axb5 22. Ra5 Nd5 23. Rea1 Red8 24. Qe4 Bf8 25. Qg4 Nb4 26. Rc1 Ra8 27. Rxa8 Rxa8 28. Bc3 Nd5 29. Ra1 Rxa1+ 30. Bxa1 Nb4 31. c4 c6 32. f4 exf4 33. Ne4 Kh8 34. Qxf4 Nxd3 35. Qb8 h6 36. cxb5 cxb5 37. Qxb5 Nf4 38. Qf1 Qc7 39. Qc4 Qa7 40. Bc3 Qa2 41. Bd2 Qa1+ 42. Kh2 Qe5 43. g3 Nd5 44. Kg2 Kh7 45. Qd3 Nb4 46. Qb1 Kh8 47. Nf2 Qd5+ 48. Ne4 Nd3 49. Kf3 Qxf5+ 50. Ke3 Nb4 51. g4 Nd5+ 52. Ke2 Qe5 53. Kf3 f5 54. Nf2 fxg4+ 55. Nxg4 Qh5 56. Kg2 Qe8 57. Qd3 Nc7 58. Qf3 Bd6 59. Bc3 Ne6 60. Nxh6 Qg6+ 61. Ng4 Nf4+ 62. Kf1 Qb1+ 63. Be1 Qf5 64. Nf2 Qe6 65. Qa8+ Kh7 66. Qe4+ Qxe4 67. Nxe4 Be7 68. Bd2 Nd5 69. Kf2 Kg6 70. Kf3 Kf5 71. Nc3 1/2-1/2

[Event "Polgar Challenge 2021"]
[Site "Online"]
[Date "2021.04.04"]
[Round "15.8"]
[White "Khademalsharieh, Sarasadat"]
[Black "Badelka, Olga"]
[Result "1/2-1/2"]
[ECO "A13"]
[WhiteElo "2494"]
[BlackElo "2433"]
[Annotator "ChessBase"]
[PlyCount "104"]
[EventDate "2021.04.08"]
[EventType "tourn"]
[EventCountry "NET"]
[SourceTitle "playchess.com"]
[Source "ChessBase"]
[SourceQuality "1"]
[TimeControl "600+5"]

1. Nf3 Nf6 2. e3 d5 3. c4 e6 4. b3 c5 5. cxd5 exd5 6. d4 Nc6 7. Be2 Bg4 8. dxc5 Bxc5 9. O-O O-O 10. Bb2 Re8 11. Nc3 Rc8 12. Nb5 a6 13. Nbd4 Ne4 14. Rc1 Qb6 15. h3 Bd7 16. Nxc6 bxc6 17. Bd4 Bxd4 18. Qxd4 Qxd4 19. exd4 f6 20. Bd3 a5 21. Rc2 Ra8 22. Nd2 Nxd2 23. Rxd2 a4 24. bxa4 Rxa4 25. Bc2 Rb4 26. Bb3 Kf7 27. f3 f5 28. Kf2 f4 29. Re1 Rxe1 30. Kxe1 Ke7 31. Kd1 Bf5 32. Kc1 Kd6 33. Kb2 Rb7 34. Re2 Bd3 35. Re5 h6 36. h4 Re7 37. Kc3 Bf1 38. Rf5 Bxg2 39. Rxf4 g5 40. hxg5 hxg5 41. Rg4 Bxf3 42. Rxg5 Kc7 43. Kb4 Kb6 44. a4 Ra7 45. Rg6 Be4 46. Rf6 Ra8 47. Bd1 Ra7 48. Bg4 Bd3 49. Bh5 Bc2 50. a5+ Rxa5 51. Rxc6+ Kxc6 52. Kxa5 Be4 1/2-1/2

[Event "Polgar Challenge 2021"]
[Site "Online"]
[Date "2021.04.04"]
[Round "15.10"]
[White "Murzin, Volodar"]
[Black "Mammadzada, Gunay"]
[Result "1-0"]
[ECO "B53"]
[WhiteElo "2478"]
[BlackElo "2443"]
[Annotator "ChessBase"]
[PlyCount "85"]
[EventDate "2021.04.08"]
[EventType "tourn"]
[EventCountry "NET"]
[SourceTitle "playchess.com"]
[Source "ChessBase"]
[SourceQuality "1"]
[TimeControl "600+5"]

1. e4 c5 2. Nf3 d6 3. d4 cxd4 4. Qxd4 Nf6 5. Be2 Nc6 6. Qe3 g6 7. O-O Bg7 8. Rd1 O-O 9. Nc3 Nd7 10. Nd5 a6 11. c3 b6 12. Qf4 Bb7 13. Qg3 Nce5 14. Bg5 Re8 15. Nxe5 Bxe5 16. Qh4 Bxd5 17. exd5 Bf6 18. a4 Qc7 19. Rd3 Bxg5 20. Qxg5 Nf6 21. Rd4 Kg7 22. Rad1 Qc5 23. Rc4 Qa5 24. Qd2 Rec8 25. Rd4 b5 26. axb5 axb5 27. h3 Rab8 28. Bf1 Rc7 29. Qe1 Qa2 30. Qd2 Rc5 31. f4 b4 32. cxb4 Rc7 33. b5 Qa7 34. Kh2 Rbc8 35. Qb4 Qb6 36. Ra1 Rc1 37. Ra6 Qb7 38. Be2 h5 39. Rc6 h4 40. Bf3 Kh7 41. Qd2 Ra1 42. f5 Rca8 43. Rxh4+ 1-0

[Event "Polgar Challenge 2021"]
[Site "Online"]
[Date "2021.04.04"]
[Round "16.4"]
[White "Lei, Tingjie"]
[Black "Khademalsharieh, Sarasadat"]
[Result "1-0"]
[ECO "E04"]
[WhiteElo "2505"]
[BlackElo "2494"]
[Annotator "ChessBase"]
[PlyCount "53"]
[EventDate "2021.04.08"]
[EventType "tourn"]
[EventCountry "NET"]
[SourceTitle "playchess.com"]
[Source "ChessBase"]
[SourceQuality "1"]
[TimeControl "600+5"]

1. d4 Nf6 2. c4 e6 3. g3 d5 4. Bg2 Bb4+ 5. Bd2 a5 6. Nf3 dxc4 7. Qc2 c5 8. Qxc4 Bxd2+ 9. Nbxd2 cxd4 10. Nxd4 O-O 11. N2f3 Qb6 12. O-O Bd7 13. Ne5 Rc8 14. Qd3 Be8 15. Rfd1 Nbd7 16. Nc4 Qa6 17. Rac1 Nc5 18. Qf3 Nce4 19. Qd3 Nc5 20. Qa3 a4 21. Rc2 Rab8 22. Rdc1 Nd5 23. Ne5 b6 24. b4 Nd7 25. Nec6 N7f6 26. b5 Qb7 27. e4 1-0

[Event "Polgar Challenge 2021"]
[Site "Online"]
[Date "2021.04.04"]
[Round "16.7"]
[White "Salimova, Nurgyul"]
[Black "Keymer, Vincent"]
[Result "0-1"]
[ECO "E11"]
[WhiteElo "2397"]
[BlackElo "2591"]
[Annotator "ChessBase"]
[PlyCount "64"]
[EventDate "2021.04.08"]
[EventType "tourn"]
[EventCountry "NET"]
[SourceTitle "playchess.com"]
[Source "ChessBase"]
[SourceQuality "1"]
[TimeControl "600+5"]

1. d4 Nf6 2. Nf3 e6 3. c4 d5 4. g3 Bb4+ 5. Bd2 Be7 6. Bg2 O-O 7. O-O c6 8. Bf4 dxc4 9. Ne5 b5 10. Nxc6 Nxc6 11. Bxc6 Ba6 12. Bxa8 Qxa8 13. Nd2 h6 14. Nf3 Qd5 15. h4 Bb7 16. Re1 Ne4 17. h5 Qxh5 18. Kg2 Qd5 19. Rh1 Rd8 20. Qc2 Qf5 21. Qc1 Ng5 22. Bxg5 hxg5 23. Qg1 g4 24. Qh2 gxf3+ 25. Kg1 f6 26. e3 Be4 27. Qh4 Kf7 28. Rc1 Bd3 29. a3 a5 30. g4 Qg6 31. Qg3 Bd6 32. Qh4 Rh8 0-1

[Event "Polgar Challenge 2021"]
[Site "Online"]
[Date "2021.04.04"]
[Round "17.2"]
[White "Bjerre, Jonas Buhl"]
[Black "Yoo, Christopher Woojin"]
[Result "1-0"]
[ECO "A50"]
[WhiteElo "2550"]
[BlackElo "2455"]
[Annotator "ChessBase"]
[PlyCount "97"]
[EventDate "2021.04.08"]
[EventType "tourn"]
[EventCountry "NET"]
[SourceTitle "playchess.com"]
[Source "ChessBase"]
[SourceQuality "1"]
[TimeControl "600+5"]

1. d4 Nf6 2. c4 b6 3. Nf3 Bb7 4. g3 g6 5. Bg2 Bg7 6. O-O O-O 7. Nc3 Ne4 8. Nxe4 Bxe4 9. Bf4 d6 10. Qd2 e6 11. Bg5 Qe8 12. Bh6 Nd7 13. Qe3 Bb7 14. Rfd1 Nf6 15. Bxg7 Kxg7 16. c5 Qb5 17. a4 Qb4 18. Rdc1 Bd5 19. Nd2 Bxg2 20. Kxg2 Nd5 21. Qd3 dxc5 22. Rc4 Qxb2 23. Rb1 Qa2 24. e4 Nf6 25. d5 exd5 26. exd5 Rad8 27. Qc3 Rxd5 28. Rb2 Qa1 29. Ne4 Rd1 30. Nxf6 Rg1+ 31. Kh3 Kh8 32. Nd7+ Kg8 33. Nf6+ Kh8 34. Nxh7+ f6 35. Nxf8 Qf1+ 36. Kh4 g5+ 37. Kh5 Kg7 38. Ne6+ Kf7 39. Nxg5+ Kg7 40. Ne6+ Kf7 41. Nf4 Qd1+ 42. f3 Qd8 43. Kg4 Qd7+ 44. Kh4 Qf5 45. g4 Qg5+ 46. Kh3 f5 47. Nh5 fxg4+ 48. fxg4 Rf1 49. Qg3 1-0

[Event "Polgar Challenge 2021"]
[Site "Online"]
[Date "2021.04.04"]
[Round "17.3"]
[White "Gukesh D"]
[Black "Liang, Awonder"]
[Result "1-0"]
[ECO "E99"]
[WhiteElo "2578"]
[BlackElo "2592"]
[Annotator "ChessBase"]
[PlyCount "119"]
[EventDate "2021.04.08"]
[EventType "tourn"]
[EventCountry "NET"]
[SourceTitle "playchess.com"]
[Source "ChessBase"]
[SourceQuality "1"]
[TimeControl "600+5"]

1. d4 Nf6 2. c4 g6 3. Nc3 Bg7 4. e4 d6 5. Nf3 O-O 6. Be2 e5 7. O-O Nc6 8. d5 Ne7 9. Ne1 Nd7 10. Nd3 f5 11. f3 f4 12. b4 g5 13. c5 Ng6 14. a4 Rf7 15. a5 Bf8 16. c6 Nf6 17. b5 h5 18. Nf2 Rg7 19. Kh1 Rb8 20. Rg1 Nh8 21. g3 Ng6 22. gxf4 Nxf4 23. Bxf4 exf4 24. Rg2 bxc6 25. dxc6 Qe7 26. Qd4 Qe5 27. Qxa7 Qxc3 28. Rag1 Rxb5 29. Bxb5 Qxf3 30. Qd4 Rg6 31. Qd3 Qxd3 32. Bxd3 g4 33. e5 f3 34. Bxg6 fxg2+ 35. Kxg2 dxe5 36. Rb1 Nd5 37. Rb8 Ba6 38. Be4 Nf4+ 39. Kg1 Kf7 40. Ra8 Bb5 41. a6 Bc5 42. a7 Nh3+ 43. Kg2 Nxf2 44. Bd5+ Ke7 45. Re8+ Kxe8 46. a8=Q+ Ke7 47. Qg8 Kf6 48. Qf7+ Kg5 49. Qg7+ Kf5 50. Qxc7 Nd3 51. Qf7+ Kg5 52. c7 Ba6 53. Qg8+ Kf4 54. c8=Q Bxc8 55. Qxc8 e4 56. Qe6 Ne1+ 57. Kf1 Nf3 58. Qxe4+ Kg5 59. Kg2 h4 60. h3 1-0

[Event "Polgar Challenge 2021"]
[Site "Online"]
[Date "2021.04.04"]
[Round "17.7"]
[White "Khademalsharieh, Sarasadat"]
[Black "Yip, Carissa"]
[Result "1/2-1/2"]
[ECO "D77"]
[WhiteElo "2494"]
[BlackElo "2430"]
[Annotator "ChessBase"]
[PlyCount "92"]
[EventDate "2021.04.08"]
[EventType "tourn"]
[EventCountry "NET"]
[SourceTitle "playchess.com"]
[Source "ChessBase"]
[SourceQuality "1"]
[TimeControl "600+5"]

1. d4 g6 2. c4 Bg7 3. Nf3 Nf6 4. g3 d5 5. Bg2 O-O 6. O-O dxc4 7. Na3 Nc6 8. Nxc4 Be6 9. b3 Bd5 10. Bb2 a5 11. a4 Qc8 12. Rc1 Rd8 13. e3 Ne4 14. Qe2 Qe6 15. Ne1 Ng5 16. h4 Bxg2 17. Nxg2 Ne4 18. Nf4 Qf5 19. Kg2 e5 20. g4 Qf6 21. g5 Qf5 22. dxe5 Nxe5 23. Bxe5 Bxe5 24. Nxe5 Qxe5 25. Rc2 c6 26. Rd1 Nc3 27. Rxd8+ Rxd8 28. Qf3 Ne4 29. Rc4 Nd2 30. Qd1 Rd6 31. Rc1 Qe4+ 32. Kg3 Qf5 33. Kg2 f6 34. gxf6 Qxf6 35. Qg4 Nxb3 36. Rc2 Qf5 37. Qe2 Qe4+ 38. Kg3 Qxa4 39. Qg4 Rf6 40. Qc8+ Rf8 41. Qe6+ Rf7 42. Rc3 Nd2 43. Qe8+ Rf8 44. Qe6+ Rf7 45. Qe8+ Rf8 46. Qe6+ Rf7 1/2-1/2

[Event "Polgar Challenge 2021"]
[Site "Online"]
[Date "2021.04.04"]
[Round "17.9"]
[White "Murzin, Volodar"]
[Black "Badelka, Olga"]
[Result "1-0"]
[ECO "C11"]
[WhiteElo "2478"]
[BlackElo "2433"]
[Annotator "ChessBase"]
[PlyCount "79"]
[EventDate "2021.04.08"]
[EventType "tourn"]
[EventCountry "NET"]
[SourceTitle "playchess.com"]
[Source "ChessBase"]
[SourceQuality "1"]
[TimeControl "600+5"]

1. e4 e6 2. d4 d5 3. Nc3 Nf6 4. e5 Nfd7 5. Nce2 c5 6. c3 Nc6 7. f4 Be7 8. Nf3 O-O 9. g3 b5 10. a3 a5 11. Bg2 b4 12. axb4 cxb4 13. O-O Nb6 14. g4 bxc3 15. bxc3 Nc4 16. Ng3 f6 17. Kh1 fxe5 18. dxe5 Kh8 19. Nd4 Nxd4 20. cxd4 Bh4 21. Ne2 Be7 22. Bh3 Bd7 23. f5 Bg5 24. Qd3 Bxc1 25. Raxc1 Qg5 26. Ng3 a4 27. Ra1 a3 28. Rfe1 Qh4 29. Kg2 Rab8 30. Re2 Rb2 31. Ra2 Qg5 32. Kh1 Qc1+ 33. Kg2 Ne3+ 34. Kf3 Nd1 35. Qxa3 Rfb8 36. Raxb2 Nxb2 37. f6 gxf6 38. exf6 Qb1 39. Qe7 Nc4 40. Qg7# 1-0

[Event "Polgar Challenge 2021"]
[Site "Online"]
[Date "2021.04.04"]
[Round "18.2"]
[White "Badelka, Olga"]
[Black "Mammadzada, Gunay"]
[Result "0-1"]
[ECO "A07"]
[WhiteElo "2433"]
[BlackElo "2443"]
[Annotator "NA"]
[PlyCount "156"]
[EventDate "2021.04.08"]
[EventType "tourn"]
[EventCountry "NET"]
[SourceTitle "playchess.com"]
[Source "ChessBase"]
[SourceQuality "1"]
[TimeControl "600+5"]

1. Nf3 d5 2. g3 c6 3. Bg2 Nf6 4. O-O Bg4 5. h3 Bh5 6. d4 e6 7. c4 Nbd7 8. cxd5 exd5 9. Nh4 Bg6 10. Nc3 Bd6 11. Nxg6 hxg6 12. Qd3 O-O 13. h4 Re8 14. Bg5 Qb6 15. Bf3 Be7 16. Kg2 Nf8 17. b3 Ne6 18. Bxf6 Bxf6 19. e3 Rad8 20. Rh1 Nf8 21. Rac1 Qb4 22. Ne2 Qd6 23. Rh3 Ne6 24. Rch1 c5 25. h5 g5 26. dxc5 Nxc5 27. Qf5 Qe6 28. Qxe6 fxe6 29. Rd1 Nd7 30. Nd4 Bxd4 31. exd4 Nf6 32. Rhh1 Rc8 33. Rc1 g4 34. Be2 Kh7 35. Bd3+ Kh6 36. Bg6 Rf8 37. Rce1 Rc6 38. Re2 Ng8 39. Rhe1 Rf6 40. Be8 Rd6 41. Rc1 Rf8 42. Bg6 Ne7 43. Rc7 Nxg6 44. hxg6 Rb6 45. Re1 Kxg6 46. Rh1 Rf7 47. Rc8 Rc6 48. Rxc6 bxc6 49. Rc1 Rc7 50. b4 Rb7 51. a3 Rb6 52. Rc5 Ra6 53. Rc3 Kf5 54. Re3 Ra4 55. Rc3 a5 56. bxa5 Rxd4 57. Rxc6 Ra4 58. a6 Rxa3 59. Kf1 e5 60. Ke2 Ke4 61. Rb6 Ra2+ 62. Ke1 d4 63. Kf1 d3 64. Ke1 Kd4 65. Rc6 Re2+ 66. Kf1 Rc2 67. a7 Ra2 68. Rc7 g5 69. Ke1 Ke4 70. Kd1 Kf3 71. Rf7+ Kg2 72. Ke1 e4 73. Kd1 Kf1 74. Kc1 Ke1 75. Kb1 Ra4 76. Rd7 d2 77. Kc2 Ra2+ 78. Kb3 Rxa7 0-1

[Event "Polgar Challenge 2021"]
[Site "Online"]
[Date "2021.04.04"]
[Round "18.3"]
[White "Lei, Tingjie"]
[Black "Murzin, Volodar"]
[Result "0-1"]
[ECO "D10"]
[WhiteElo "2505"]
[BlackElo "2478"]
[Annotator "ChessBase"]
[PlyCount "88"]
[EventDate "2021.04.08"]
[EventType "tourn"]
[EventCountry "NET"]
[SourceTitle "playchess.com"]
[Source "ChessBase"]
[SourceQuality "1"]
[TimeControl "600+5"]

1. d4 d5 2. c4 c6 3. cxd5 cxd5 4. Bf4 Nc6 5. Nc3 e6 6. e3 Bd6 7. Bxd6 Qxd6 8. Qg4 Kf8 9. Nf3 Nge7 10. Qg3 Nf5 11. Qxd6+ Nxd6 12. Rc1 Bd7 13. Nb5 Ke7 14. Nxd6 Kxd6 15. Kd2 f6 16. Bb5 Rhc8 17. h4 Be8 18. Bd3 h6 19. g4 Nb4 20. Bb1 Rxc1 21. Rxc1 Nc6 22. Rg1 Ne7 23. g5 Bh5 24. Ne1 Rg8 25. Bh7 Rf8 26. Nd3 fxg5 27. hxg5 g6 28. Nf4 hxg5 29. Rxg5 Rf7 30. Bxg6 Bxg6 31. Nxg6 Rxf2+ 32. Kc3 Nf5 33. Rh5 Nxe3 34. Rh7 Nd1+ 35. Kd3 Nxb2+ 36. Ke3 Rg2 37. Ne5 Nc4+ 38. Nxc4+ dxc4 39. Rxb7 Rxa2 40. Rb4 c3 41. Rc4 Rh2 42. Kd3 c2 43. Rc8 a5 44. Rc4 a4 0-1